 Dungeon Crawl Stone Soup version 0.22-a0-479-gc6e99f3 (webtiles) character file.

19 iamserjio the Sneak (level 2, 0/26 HPs)
             Began as a Gnoll Assassin on June 14, 2018.
             Was an Initiate of Cheibriados.
             Killed by divine providence
             ... invoked by an orc priest
              (10 damage)
             ... on level 3 of the Dungeon.
             The game lasted 00:02:02 (282 turns).

iamserjio the Sneak (Gnoll Assassin)                 Turns: 282, Time: 00:02:03

Health: 0/26       AC:  3    Str: 14    XL:     2   Next: 75%
Magic:  2/2        EV: 13    Int: 14    God:    Cheibriados [......]
Gold:   59         SH:  0    Dex: 17    Spells: 2/2 levels left

rFire    . . .     SeeInvis .   a - +2 dagger
rCold    . . .     Gourm    .   (no shield)
rNeg     . . .     Faith    .   c - +0 robe
rPois    .         Spirit   .   (no helmet)
rElec    .         Reflect  .   d - +0 cloak
rCorr    .         Harm     .   (no gloves)
MR       .....                  (no boots)
Stlth    ++++......             (no amulet)
HPRegen  0.08/turn              (no ring)
MPRegen  0.08/turn              (no ring)

@: very slow
A: distributed training, fangs 1, strong nose
a: Bend Time, Renounce Religion


You were on level 3 of the Dungeon.
You worshipped Cheibriados.
Cheibriados was noncommittal.
You were not hungry.

You visited 2 branches of the dungeon, and saw 5 of its levels.

You collected 59 gold pieces.

Inventory:

Hand Weapons
 a - a +2 dagger (weapon)
 b - a +0 blowgun
Missiles
 e - 8 poisoned needles
 f - 2 curare-tipped needles {!f}
 n - 22 bolts
Armour
 c - a +0 robe (worn)
 d - a +0 cloak (worn)
 k - the +1 shield "Peichingergh" {rElec, unknown}
   (You found it on level 4 of the Dungeon)

   It insulates you from electricity.
 m - a +0 buckler
Jewellery
 h - an uncursed amulet of the gourmand {unknown}
Scrolls
 i - a scroll of noise {unknown}
 j - 2 scrolls of identify {unknown}
Potions
 l - a potion of lignification {unknown}
Comestibles
 g - 3 rations


   Skills:
 + Level 4.5 Fighting
 + Level 4.5 Short Blades
 + Level 0.5 Long Blades
 + Level 0.5 Axes
 + Level 0.5 Maces & Flails
 + Level 0.5 Polearms
 + Level 0.5 Staves
 + Level 0.5 Slings
 + Level 0.5 Bows
 + Level 0.5 Crossbows
 + Level 4.5 Throwing
 + Level 0.5 Armour
 + Level 2.5 Dodging
 + Level 7.7 Stealth
 + Level 0.5 Shields
 + Level 0.5 Unarmed Combat
 + Level 0.5 Spellcasting
 + Level 0.3 Conjurations
 + Level 0.3 Hexes
 + Level 0.3 Charms
 + Level 0.3 Summonings
 + Level 0.3 Necromancy
 + Level 0.3 Translocations
 + Level 0.3 Transmutations
 + Level 0.3 Fire Magic
 + Level 0.3 Ice Magic
 + Level 0.3 Air Magic
 + Level 0.3 Earth Magic
 + Level 0.3 Poison Magic
 + Level 0.6 Invocations
 + Level 0.5 Evocations


You had 2 spell levels left.
You didn't know any spells.
Your spell library was empty.

Dungeon Overview and Level Annotations

Branches:
Dungeon (4/15)             Temple (1/1) D:4

Altars:
Cheibriados
Sif Muna
Uskayaw
Wu Jian


Innate Abilities, Weirdness & Mutations

Your experience applies equally to all skills.
You have very sharp teeth.
Your uncanny sense of smell can sniff out nearby items.


Message History

The giant cockroach closely misses you.
You hit the giant cockroach.
You kill the giant cockroach!
Cheibriados appreciates the change of pace.
An orc priest comes into view. It is wielding an antimagic whip.
The orc priest shouts!
An orc comes into view. It is wielding a hand axe.
The orc moves out of view.
An orc comes into view. It is wielding a club.
You see here 22 bolts.
n - 22 bolts The orc priest invokes the aid of Beogh against you.
Beogh smites you!
The orc shouts!
The orc priest invokes the aid of Beogh against you.
Pain shoots through your body!
There is a stone staircase leading down here.
The orc priest calls down the wrath of Beogh upon you.
Beogh smites you!
You die...

.. #.# #.# #o#
#.# #.# ##o## #
########o..###..#
#......@........#
#.######...###.##
######...###.#
.............#
##.###...#####
#####


You could see an orc priest and an orc.

Vanquished Creatures
  An adder (D:4)
  3 giant cockroaches
  A goblin (D:1)
  A quokka (D:2)
  2 bats
  A frilled lizard (D:4)
  A kobold (D:2)
10 creatures vanquished.

Notes
Turn   | Place    | Note
-------+----------+-------------------------------------------
     0 | D:1      | iamserjio the Gnoll Assassin began the quest for the Orb.
     0 | D:1      | Reached XP level 1. HP: 20/20 MP: 1/1
    96 | D:2      | Reached XP level 2. HP: 22/26 MP: 2/2
   125 | D:2      | You fall through a shaft for 2 floors!
   169 | D:4      | Found a staircase to the Ecumenical Temple.
   183 | Temple   | Entered the Ecumenical Temple
   192 | Temple   | Became a worshipper of Cheibriados the Contemplative
   228 | D:4      | Got a jewelled shield
   282 | D:3      | Killed from afar by an orc priest

Vault maps used:
D:1:      onia_arrival_mini_spirals, evilmike_ruin_ashenzari
D:2:      xom_redecorated
D:3:      minivault_23
D:4:      minmay_temple_entry_mist, serial_column_ruins,
          column_ruins_columns_dead_end, column_ruins_grid_1,
          column_ruins_grid_1, column_ruins_open_small, column_ruins_grid_1,
          first_ration
Temple:   regret_index_temple_sigil_plot

Action                   || total
-------------------------++-------
Melee: Dagger            ||    26
       Bite              ||     2
Throw: Stone             ||     3
 Stab: Sleeping          ||     3
Armor: Robe              ||     4
Dodge: Dodged            ||    16

Table legend:
 A = Spawn XP
 B = Non-spawn XP
 C = Spawn XP percentage of total XP
 D = Spawn monster count
 E = Non-spawn monster count
 F = Spawn count percentage of total count
 G = Total turns spent on level
                    A         B        C        D         E        F      G
               +---------+---------+-------+---------+---------+-------+---------
         Total |       0 |      28 |   0.0 |       0 |      10 |   0.0 |   282
               +---------+---------+-------+---------+---------+-------+---------
           D:1 |       0 |       5 |   0.0 |       0 |       3 |   0.0 |    75
           D:2 |       0 |       5 |   0.0 |       0 |       3 |   0.0 |    50
           D:3 |       0 |       2 |   0.0 |       0 |       1 |   0.0 |    21
           D:4 |       0 |      16 |   0.0 |       0 |       3 |   0.0 |   117
               +---------+---------+-------+---------+---------+-------+---------
